Map: 亚历山大港 - 天梯版

Players

SpeCial - Winner!

  • Race: Terran Terran

Scarlett

  • Race: Zerg Zerg
  • League: Diamond

Event: WESG 2018 Grand Finals

VOD

Have the link to the VOD?

Description

Time

  • Played on: March 13, 2019, 6:11 a.m.
  • Length: 22:10

All games in this series

Show
View Real Time Build Order
Export as new Build Order

SpeCial Terran - Winner!

Build Orders: Liberator Opening, Reaper Expand, Mech 

Get SALT Encoding   

  12  0:00  SCV  
  13  0:13  SCV  
  14  0:18  Supply Depot  
  14  0:25  SCV  
  15  0:39  SCV  
  15  0:41  Barracks  
  16  0:45  Refinery  
  16  0:51  SCV  
  17  1:03  SCV  
  18  1:16  SCV  
  19  1:28  Reaper, Orbital Command  
  20  1:42  Command Center  
  20  1:53  Supply Depot  
  20  1:54  SCV  
  21  2:00  Marine  
  22  2:06  Factory  
  22  2:10  SCV  
  23  2:19  Refinery  
  23  2:22  SCV  
  24  2:25  Barracks Reactor  
  24  2:34  SCV  
  25  2:46  SCV  
  26  2:54  Starport  
  26  2:55  Orbital Command  
  26  2:58  SCV  
  27  3:06  Hellion x2  
  27  3:10  SCV  
  33  3:13  Marine  
  33  3:18  Liberator  
  33  3:20  Supply Depot  
  33  3:21  SCV  
  33  3:22  SCV  
  35  3:30  Hellion x2  
  35  3:33  SCV  
  40  3:35  SCV  
  40  3:37  Barracks Tech Lab  
  44  3:44  Supply Depot  
  44  3:45  SCV  
  44  3:47  SCV  
  46  3:56  Hellion x2  
  46  3:59  SCV x2  
  52  4:10  Command Center  
  52  4:12  SCV  
  52  4:14  SCV  
  57  4:24  Siege Tank  
  57  4:28  SCV x2  
  57  4:30  Marine x2  
  61  4:40  SCV  
  61  4:41  Supply Depot  
  62  4:50  Refinery x2  
  62  4:52  Supply Depot  
  62  4:56  Supply Depot  
  62  5:01  Liberator  
  62  5:02  Marine x2  
  62  5:03  Siege Tank, SCV x2  
  69  5:15  Armory x2, SCV x2  
  69  5:20  Marine x2  
  76  5:23  Orbital Command  
  76  5:27  SCV x2  
  78  5:39  SCV  
  79  5:44  Factory  
  79  5:45  SCV  
  84  5:50  Hellion x2  
  84  5:51  Orbital Command, SCV  
  84  5:52  Factory  
  85  5:58  SCV  
  85  6:00  Supply Depot  
  85  6:01  Supply Depot  
  85  6:02  Barracks Tech Lab  
  85  6:03  Starport Reactor  
  85  6:04  SCV  
  87  6:08  Terran Vehicle Weapons Level 1, Terran Vehicle And Ship Armor Level 1  
  91  6:11  Hellion x2  
  91  6:13  SCV  
  91  6:16  SCV  
  93  6:21  SCV  
  93  6:25  SCV  
  95  6:28  SCV  
  95  6:32  Hellion  
  98  6:33  SCV  
  98  6:37  SCV  
  100  6:40  SCV  
  100  6:43  Hellion  
  100  6:45  SCV  
  100  6:46  Refinery  
  98  6:47  Refinery  
  98  6:49  SCV, Thor x2  
  98  6:51  Medivac  
  98  6:52  SCV  
  98  6:54  Hellion  
  116  6:57  Engineering Bay, SCV  
  117  7:03  Supply Depot  
  117  7:04  Supply Depot  
  117  7:10  Medivac, SCV  
  117  7:15  Hellion x2  
  98  7:20  SCV, Supply Depot  
  98  7:21  SCV  
  98  7:22  SCV  
  100  7:26  Factory  
  100  7:27  Factory  
  100  7:28  Missile Turret  
  100  7:30  Missile Turret  
  100  7:31  Missile Turret  
  100  7:33  SCV  
  100  7:34  Siege Tank  
  100  7:36  Siege Tank  
  107  7:39  Liberator  
  107  7:42  SCV x2  
  107  7:43  Liberator  
  109  7:55  Hellion x2  
  109  7:56  Command Center  
  119  8:07  Terran Vehicle Weapons Level 2  
  119  8:14  Terran Vehicle And Ship Armor Level 2  
  119  8:18  Hellion x2  
  123  8:24  Factory Tech Lab, Factory Reactor  
  121  8:29  Siege Tank  
  121  8:30  SCV x2  
  121  8:32  Siege Tank  
  127  8:39  Hellion x2, Supply Depot x2  
  131  8:43  Supply Depot  
  131  8:46  Liberator  
  131  8:49  Missile Turret, Siege Tank  
  131  8:53  SCV x3  
  137  9:00  Hellion  
  137  9:01  Hellion, Siege Tank  
  144  9:06  Supply Depot  
  144  9:07  Supply Depot  
  147  9:10  Liberator  
  147  9:11  Hellion x2, Siege Tank  
  147  9:16  SCV, Supply Depot  
  137  9:31  SCV x2  
  137  9:34  SCV  
  135  9:43  Hellion x3, SCV x2  
  143  9:46  SCV  
  143  9:48  Thor x2  
  156  9:54  Infernal Pre-Igniter  
  156  9:55  SCV x2  
  156  9:59  SCV  
  159  10:04  Thor  
  165  10:07  SCV  
  165  10:08  SCV  
  165  10:10  Hellion, Supply Depot  
  165  10:11  SCV  
  165  10:13  Missile Turret  
  166  10:15  Planetary Fortress  
  166  10:19  Missile Turret  
  166  10:22  Hellion x2  
  166  10:25  Refinery  
  166  10:26  Missile Turret  
  166  10:27  Refinery  
  170  10:30  Missile Turret  
  170  10:36  Liberator  
  170  10:44  Thor x2  
  170  10:45  Barracks  
  180  10:50  Hellion  
  180  10:51  Hellion  
  180  10:52  Command Center  
  186  10:58  Hellion x2  
  181  11:15  Hellion x2, Thor  
  181  11:18  SCV x3  
  194  11:21  Refinery  
  194  11:22  Missile Turret x2  
  194  11:29  Hellion  
  196  11:37  Supply Depot  
  196  11:44  Liberator  
  196  11:50  Terran Vehicle Weapons Level 3  
  196  11:51  Terran Vehicle And Ship Armor Level 3  
  196  11:52  Command Center  
  196  11:55  Liberator  
  196  11:58  Barracks  
  196  11:59  Hellion, Siege Tank  
  198  12:05  Hellion, Siege Tank x2  
  198  12:07  Hellion  
  198  12:08  Hellion  
  143  12:28  Hellion x2  
  132  12:32  Thor  
  132  12:34  Hellion  
  132  12:35  SCV  
  141  12:37  Thor  
  141  12:40  SCV  
  148  12:48  Hellion  
  150  12:54  Siege Tank  
  150  12:56  Hellion  
  150  12:57  Hellion  
  157  13:03  SCV x2  
  157  13:05  Planetary Fortress  
  159  13:06  Missile Turret  
  159  13:07  Hellion  
  161  13:15  Hellion, Siege Tank  
  161  13:19  Hellion  
  164  13:20  Smart Servos  
  164  13:22  Siege Tank  
  164  13:23  Hellion, Liberator x2  
  156  13:37  Starport  
  156  13:38  Starport  
  162  13:50  Siege Tank x2  
  162  13:51  Hellion  
  170  13:59  Hellion, Siege Tank  
  163  14:05  Hellion  
  165  14:10  SCV x3  
  165  14:11  Planetary Fortress  
  165  14:16  Liberator  
  168  14:19  Liberator  
  168  14:20  Command Center  
  168  14:21  Command Center  
  168  14:22  Sensor Tower, SCV  
  168  14:24  Siege Tank  
  172  14:26  Starport Reactor, Starport Tech Lab  
  172  14:30  Refinery  
  172  14:32  Refinery  
  178  14:43  Siege Tank  
  178  14:44  Hellion  
  180  14:47  Hellion x2  
  184  14:59  Hellion  
  188  15:00  Hellion  
  188  15:06  Hellion, Siege Tank  
  193  15:12  Viking x3  
  193  15:16  Viking  
  193  15:19  Viking  
  184  15:32  Fusion Core  
  184  15:42  Viking x3  
  190  15:45  Hellion x2  
  190  15:46  Viking  
  196  15:50  Hellion  
  196  15:53  Viking  
  178  16:13  Viking x2  
  178  16:14  Viking, Thor x2  
  196  16:18  Hellion x3  
  196  16:23  Hellion x2  
  179  16:42  Liberator  
  179  16:45  Siege Tank  
  180  16:47  Terran Ship Weapons Level 1  
  180  16:50  Hellion x3  
  180  16:51  Hellion  
  186  16:56  Orbital Command  
  186  16:57  Orbital Command, Siege Tank, Thor  
  186  16:58  Raven  
  200  17:22  Refinery, Liberator  
  200  17:23  Liberator  
  200  17:24  Mag-Field Accelerator  
  200  17:26  Advanced Ballistics  
  200  17:36  Hellion x2  
  198  18:07  Starport x2, Refinery  
  198  18:08  Supply Depot, Command Center  
  196  18:16  Command Center  
  191  18:22  Starport  
  187  18:32  Viking  
  187  18:33  Viking x4  
  195  18:45  Hellion x2  
  199  18:58  Sensor Tower, Missile Turret x2  
  199  19:00  Missile Turret  
  161  19:02  Viking x2  
  195  19:05  Command Center  
  195  19:08  Command Center  
  196  19:12  Thor x2  
  196  19:16  Starport Reactor x3  
  194  19:29  Viking x3  
  191  19:31  Hellion  
  191  19:32  Hellion x3  
  182  19:41  Thor x2  
  182  19:42  Hellion  
  184  19:49  Viking  
  184  19:52  Viking  
  175  19:53  Hellion  
  175  19:57  Planetary Fortress  
  177  20:08  Viking x3  
  183  20:18  Viking x2  
  187  20:21  Viking  
  187  20:25  Orbital Command  
  187  20:37  Orbital Command x2  
  187  20:38  Viking x2  
  187  20:41  Viking  
  193  20:47  Viking  
  191  20:52  Viking  
  191  20:56  Viking x2  
  194  21:03  Banshee, Viking  
  190  21:45  Hellion x3  
  190  21:46  Hellion  
Show
View Real Time Build Order
Export as new Build Order

Scarlett Zerg 

Build Orders: Hatch First, Brood Lord Corruptor, Muta Ling Bane 

Get SALT Encoding   

  12  0:00  Drone  
  13  0:12  Overlord  
  13  0:18  Drone  
  14  0:31  Drone x2  
  16  0:48  Hatchery  
  15  0:52  Drone  
  15  0:56  Drone  
  17  1:00  Drone  
  18  1:10  Extractor  
  17  1:15  Spawning Pool  
  17  1:18  Drone  
  17  1:21  Drone  
  18  1:30  Drone  
  19  1:39  Drone  
  20  1:50  Drone  
  21  2:01  Queen x2  
  21  2:02  Zergling x4  
  27  2:17  Hatchery  
  27  2:21  Overlord  
  26  2:24  Drone  
  26  2:27  Drone  
  28  2:33  Metabolic Boost  
  28  2:42  Drone x3  
  31  2:44  Drone  
  31  2:49  Overlord  
  32  2:54  Drone x2  
  34  3:00  Queen  
  36  3:12  Drone x5  
  41  3:16  Drone  
  42  3:20  Queen  
  42  3:23  Overlord  
  44  3:29  Drone  
  44  3:31  Queen  
  47  3:34  Overlord  
  47  3:37  Drone  
  47  3:41  Drone x2  
  50  3:50  Drone x6  
  56  3:59  Queen  
  56  4:01  Queen  
  60  4:04  Overlord  
  60  4:07  Zergling x6  
  63  4:11  Queen  
  63  4:14  Overlord  
  65  4:19  Overlord  
  65  4:21  Overlord  
  65  4:22  Zergling x2  
  66  4:29  Drone  
  66  4:30  Spore Crawler, Drone x4  
  70  4:35  Drone x2  
  70  4:36  Spore Crawler, Drone  
  72  4:38  Drone  
  72  4:42  Zergling x6  
  77  4:45  Zergling x2  
  76  4:54  Drone x3  
  76  4:57  Evolution Chamber  
  78  5:00  Evolution Chamber  
  78  5:02  Lair  
  78  5:04  Extractor  
  76  5:09  Drone x7  
  83  5:15  Drone x4  
  83  5:20  Drone  
  88  5:22  Drone x2  
  88  5:24  Drone x3, Extractor  
  88  5:25  Zerg Melee Weapons Level 1, Zerg Ground Armor Level 1  
  88  5:26  Extractor  
  91  5:29  Extractor  
  91  5:30  Extractor  
  91  5:31  Drone x2  
  91  5:33  Overlord  
  91  5:35  Baneling Nest  
  90  5:36  Overlord x2  
  90  5:43  Overlord x3  
  90  5:53  Drone x2  
  90  5:54  Drone  
  90  5:55  Drone x2  
  95  5:59  Drone  
  95  6:00  Zergling x8  
  95  6:01  Hatchery  
  99  6:08  Spire  
  99  6:10  Drone x2  
  99  6:11  Zergling x2  
  101  6:18  Zergling x4  
  103  6:26  Zergling x12  
  103  6:27  Zergling x6  
  103  6:31  Centrifical Hooks  
  112  6:37  Zergling x8, Baneling  
  110  6:40  Zergling x2  
  110  6:41  Baneling x5  
  110  6:42  Baneling x9  
  110  6:44  Drone  
  110  6:45  Drone  
  110  6:51  Drone  
  110  6:52  Drone  
  112  7:00  Zergling x8  
  116  7:02  Zergling x6  
  116  7:03  Extractor  
  101  7:20  Drone  
  101  7:21  Drone x2  
  101  7:22  Mutalisk x6  
  117  7:25  Hatchery  
  116  7:31  Mutalisk x2  
  116  7:33  Zergling x8  
  124  7:38  Zerg Flyer Weapons Level 1  
  124  7:40  Zergling x6  
  127  7:48  Mutalisk x2  
  127  7:50  Overlord x5  
  131  7:52  Drone x2  
  131  7:57  Zerg Melee Weapons Level 2  
  133  7:58  Drone  
  133  8:05  Extractor  
  133  8:06  Infestation Pit, Zergling x10  
  133  8:07  Extractor  
  136  8:17  Mutalisk x2  
  136  8:19  Zergling x14  
  147  8:25  Drone x2  
  147  8:26  Drone x4  
  149  8:35  Mutalisk x3  
  155  8:43  Hive  
  155  8:44  Zergling x8  
  159  8:50  Pneumatized Carapace  
  159  8:55  Spine Crawler  
  158  8:56  Baneling x6  
  158  9:02  Zergling x16  
  162  9:05  Zergling x6  
  162  9:06  Baneling  
  149  9:22  Mutalisk x5  
  149  9:23  Zergling x2  
  149  9:24  Zergling x8  
  150  9:29  Mutalisk  
  150  9:30  Zergling x2  
  150  9:31  Zergling x8  
  153  9:34  Zergling x6  
  152  9:46  Mutalisk x2  
  152  9:48  Zergling x10  
  161  9:56  Hatchery  
  160  10:01  Ultralisk Cavern  
  155  10:07  Adrenal Glands  
  155  10:09  Zergling x10  
  160  10:14  Zerg Melee Weapons Level 3  
  160  10:20  Zergling x12  
  166  10:24  Zergling x6  
  166  10:27  Zerg Flyer Weapons Level 2  
  169  10:31  Zergling x6  
  169  10:41  Drone  
  169  10:42  Drone x2  
  159  11:01  Zergling x6  
  159  11:02  Zergling x26  
  144  11:15  Ultralisk x3  
  149  11:19  Chitinous Plating  
  149  11:25  Overlord x3  
  149  11:27  Ultralisk  
  155  11:36  Ultralisk  
  161  11:40  Ultralisk  
  161  11:45  Ultralisk  
  173  11:48  Baneling  
  173  11:49  Baneling x6  
  173  11:54  Baneling x3  
  173  11:55  Zergling x10  
  135  12:14  Zergling x14, Ultralisk  
  135  12:15  Zergling x14  
  126  12:29  Zergling x6, Ultralisk x2  
  125  12:34  Baneling x3  
  125  12:35  Baneling x3  
  125  12:44  Corruptor  
  125  12:45  Corruptor  
  125  12:46  Spore Crawler  
  125  12:49  Corruptor  
  130  12:53  Drone x3, Extractor  
  130  12:54  Drone x3, Extractor  
  134  13:00  Zerg Ground Armor Level 2  
  134  13:05  Drone  
  135  13:06  Drone x6  
  135  13:11  Greater Spire  
  141  13:18  Drone x11  
  148  13:23  Drone x4  
  148  13:33  Spine Crawler  
  147  13:38  Anabolic Synthesis  
  147  13:40  Infestor x2  
  151  13:49  Corruptor x4  
  150  14:02  Drone  
  150  14:03  Drone x5, Corruptor x3  
  161  14:16  Corruptor x3  
  161  14:17  Corruptor  
  169  14:32  Hatchery  
  166  14:42  Brood Lord x5  
  166  14:43  Zergling x16  
  166  14:44  Baneling x3  
  179  14:53  Brood Lord x2  
  179  14:54  Zergling x10  
  179  14:59  Drone x5  
  187  15:05  Drone x5  
  191  15:13  Zergling x6  
  191  15:14  Zergling x6  
  190  15:15  Baneling  
  190  15:16  Baneling x3  
  185  15:25  Corruptor x3  
  189  15:30  Corruptor x2  
  193  15:42  Pathogen Glands, Zerg Flyer Weapons Level 3  
  189  15:44  Drone  
  190  15:50  Spore Crawler  
  190  15:54  Hatchery  
  190  15:56  Corruptor x3  
  194  16:03  Drone  
  178  16:04  Drone x4  
  178  16:06  Drone x2  
  178  16:08  Drone  
  157  16:13  Zergling x14  
  157  16:14  Baneling x10  
  157  16:17  Brood Lord  
  157  16:19  Drone  
  150  16:26  Drone x8  
  152  16:38  Corruptor x4  
  152  16:39  Neural Parasite  
  148  16:48  Viper  
  148  16:52  Drone x4  
  148  16:53  Drone x6  
  149  17:04  Drone x6  
  155  17:09  Drone x3  
  155  17:11  Spine Crawler  
  155  17:13  Drone x3  
  159  17:17  Extractor x2  
  159  17:22  Ultralisk  
  163  17:33  Corruptor x4  
  163  17:36  Drone x2  
  171  17:46  Infestor  
  171  17:47  Infestor x2  
  171  17:48  Baneling x5  
  177  17:55  Viper  
  180  18:03  Drone  
  181  18:09  Drone x3  
  181  18:11  Drone  
  181  18:12  Drone x10  
  191  18:14  Brood Lord x3  
  191  18:17  Drone x3  
  191  18:18  Drone x3  
  197  18:20  Spore Crawler  
  197  18:24  Infestor  
  197  18:25  Zergling x2  
  190  18:40  Hatchery  
  189  18:41  Spine Crawler  
  189  18:43  Infestor x2  
  189  18:44  Infestor  
  194  18:48  Zerg Flyer Armor Level 1  
  194  18:53  Zergling x6  
  194  18:54  Zergling x4  
  199  19:00  Zergling x2  
  199  19:02  Hatchery  
  199  19:06  Hatchery  
  194  19:20  Corruptor x4  
  194  19:23  Overlord, Hatchery  
  194  19:24  Overlord  
  131  19:53  Zergling x2  
  131  19:54  Zergling x28  
  131  19:56  Brood Lord  
  131  19:57  Brood Lord x5  
  158  20:04  Zergling x2  
  158  20:05  Extractor  
  158  20:10  Extractor  
  158  20:12  Zergling x8  
  161  20:15  Drone x2  
  161  20:16  Queen, Drone  
  161  20:18  Viper  
  169  20:23  Baneling x3  
  169  20:35  Zergling x18  
  164  20:42  Spine Crawler, Zergling x12, Spore Crawler  
  164  20:43  Spine Crawler  
  164  20:46  Zergling x2  
  164  20:53  Corruptor x3  
  169  20:58  Drone x4  
  173  21:14  Zergling x16  
  173  21:15  Drone  
  171  21:25  Spine Crawler  
  171  21:26  Spore Crawler  
  171  21:28  Baneling x9  
  171  21:29  Brood Lord  
  171  21:43  Zergling x16  
  152  21:50  Zergling x18  
Tags
 
Add a new tag
Caveats
  • Supply blocks, unpowered buildings, or Contaminate may cause inaccurate times.
  • Supply counts are checked every 10 seconds.